 Dungeon Crawl Stone Soup version 0.23.0-3-gf3c87f2 (webtiles) character file.

Game seed: 7143906983454794021

18 sighowe the Conjurer (level 2, -1/12 HPs)
             Began as a Felid Conjurer on Feb 21, 2019.
             Slain by a goblin (4 damage)
             ... led by Robin
             ... on level 2 of the Dungeon.
             The game lasted 00:02:06 (753 turns).

sighowe the Conjurer (Felid Conjurer)                Turns: 753, Time: 00:02:07

Health: -1/12      AC:  1    Str:  4    XL:     2   Next: 51%
Magic:  2/6        EV: 18    Int: 21    God:
Gold:   68         SH:  0    Dex: 16    Spells: 4/5 levels left
                                        Lives:  0   Deaths: 0

rFire    . . .     SeeInvis +   (weapon unavailable)
rCold    . . .     Gourm    .   (shield unavailable)
rNeg     . . .     Faith    .   (armour unavailable)
rPois    .         Spirit   .   (helmet unavailable)
rElec    .         Reflect  .   (cloak unavailable)
rCorr    .         Harm     .   (gloves unavailable)
MR       .....                  (boots unavailable)
Stlth    +++.......             (no amulet)
HPRegen  0.04/turn              (no ring)
MPRegen  0.10/turn              (no ring)

@: brilliant, quick
A: very small, no armour, no weapons or thrown items, stealth, claws 1, fangs 3,
see invisible, carnivore, speed 1, shaggy fur 1, slow metabolism 1, sharp paws
a: no special abilities


You were on level 2 of the Dungeon.
You were not hungry.

You visited 1 branch of the dungeon, and saw 2 of its levels.

You collected 68 gold pieces.

Inventory:

Jewellery
 f - a +4 ring of intelligence {unknown}
Scrolls
 a - a scroll of remove curse {unknown}
 d - 3 scrolls of identify {unknown}
 e - a scroll of amnesia {unknown}
 g - a scroll of noise {unknown}
 k - a scroll of enchant armour {unknown}
Comestibles
 b - 4 rations


   Skills:
 * Level 0.9 Fighting
 + Level 2.9 Dodging
 + Level 3.0 Stealth
 + Level 0.4 Unarmed Combat
 * Level 2.3 Spellcasting
 + Level 3.7 Conjurations


You had 4 spell levels left.
You knew the following spells:

 Your Spells              Type           Power        Failure   Level  Hunger
a - Magic Dart            Conj           ####         1%          1    #......

Your spell library contained the following spells:

 Spells                   Type           Power        Failure   Level  Hunger
 Searing Ray              Conj           ####..       1%          2    ##.....
 Dazzling Spray           Conj/Hex       ###...       2%          3    ###....
 Iskenderun's Mystic Bla  Conj           ####....     3%          4    #####..
 Force Lance              Conj/Tloc      ###.....     8%          4    #####..
 Fulminant Prism          Conj/Hex       ###.......   8%          4    #####..


Dungeon Overview and Level Annotations

Branches:
Dungeon (2/15)

Altars:

Annotations:
D:2 Robin


Innate Abilities, Weirdness & Mutations

You cannot wear armour.
You are incapable of wielding weapons or throwing items.
Your paws allow you to move quietly. (Stealth)
You have sharp claws.
You have razor-sharp teeth.
You have supernaturally acute eyesight. (SInv)
You are carnivorous and can eat meat at any time.
You cover ground quickly.
You are covered in fur. (AC +1)
You have a slow metabolism.
Your sharp claws are effective at attacking unaware monsters.


Message History

Press: ? - help, Shift-Dir - straight line, f - Robin
Aim: Robin, wielding a +0 trident, wearing a +0 animal skin and wearing a +0 helmet The magic dart hits Robin.
Robin is lightly wounded.
A goblin comes into view.
Robin roars a battlecry!
The goblins go into a battle-frenzy!
A goblin comes into view. It is wielding a +0 dagger.
Robin roars a battlecry!
The goblin goes into a battle-frenzy!
You hear a shout!
Robin roars a battlecry!
The goblin goes into a battle-frenzy!
Robin throws the goblin at you!
* * * LOW HITPOINT WARNING * * *
Robin roars a battlecry!
You hear a shout!
Robin throws the goblin at you! The goblin misses you. The goblin hits you.
You die...

#.# ##.# #######
####..### #.....#
#.......# ..# #.....#
#.##.##.# ...# #.....#
#.##.##.# .<.#####.....#
#....##.#
#...........###.#####.#
#..###@......##.#####<#
#..#..g...##.##.......#
##..#.#.##.##.##.#######
#.....#.##.......#
#.....g.##.##.####
#.#...........#
#.##..#.##.####
#.##.......#
#...g.####.#


You could see 2 goblins.

Vanquished Creatures
  An adder (D:2)
  A leopard gecko (D:2)
  A giant cockroach (D:1)
  2 goblins (D:2)
  2 hobgoblins (D:1)
  A kobold (D:1)
8 creatures vanquished.

Notes
Turn   | Place    | Note
-------+----------+-------------------------------------------
     0 | D:1      | sighowe the Felid Conjurer began the quest for the Orb.
     0 | D:1      | Reached XP level 1. HP: 7/7 MP: 4/4
   715 | D:2      | Reached XP level 2. HP: 4/12 MP: 1/6
   726 | D:2      | Noticed Robin
   753 | D:2      | Slain by a goblin

Skill      XL: |  1  2 |
---------------+-------+-----
Stealth        | 3 |  3.0
Fighting       | |  0.9
Dodging        | |  2.9
Unarmed Combat | |  0.4
Spellcasting   | |  2.3
Conjurations   | |  3.7

Action                   || total
-------------------------++-------
Melee: Unarmed           ||    13
 Cast: Magic Dart        ||    18
  Use: Potion            ||     4
Armor: Skin              ||     6
Dodge: Dodged            ||     7
